 Dungeon Crawl Stone Soup version 0.19.3-1-g3169bf9 (console) character file.

34785 Grinner the Bludgeoner (level 13, -4/136 (137) HPs)
             Began as an Ogre Gladiator on Jan 27, 2017.
             Was the Champion of Okawaru.
             Slain by a four-headed hydra (5 damage)
             ... on level 5 of the Lair of Beasts.
             The game lasted 01:02:02 (17804 turns).

Grinner the Bludgeoner (Ogre Gladiator)            Turns: 17804, Time: 01:02:03

HP:   -4/136 (137)  AC: 11    Str: 26    XL:     13   Next: 79%
MP:   17/17         EV:  1    Int:  7    God:    Okawaru [******]
Gold: 515           SH:  0    Dex: 11    Spells: 0 memorised, 12 levels left

rFire  . . .     SeeInvis .     a - +4 great mace (drain)
rCold  + . .     Gourm    .     e - +2 troll leather armour
rNeg   + + +     Faith    .     (shield currently unavailable)
rPois  ∞         Spirit   .     c - +2 hat
rElec  .         Reflect  .     D - +0 cloak {+Inv}
rCorr  .         Harm     .     (gloves unavailable)
MR     +....     Clarity  +     (boots unavailable)
Stlth  +.........               (no amulet)
                                g - +1 ring of protection
                                X - ring of protection from cold

@: petrified
A: unfitting armour, antennae 1, clarity, slow regeneration 1, tough skin 1
a: Heroism, Finesse, Renounce Religion, Evoke Invisibility


You were on level 5 of the Lair of Beasts.
You worshipped Okawaru.
Okawaru was exalted by your worship.
You were hungry.

You visited 3 branches of the dungeon, and saw 17 of its levels.
You also visited: Labyrinth.

You collected 952 gold pieces.
You spent 437 gold pieces at shops.

Inventory:

Hand Weapons
 a - a +4 great mace of draining (weapon)
 b - a +0 eveningstar of venom
 x - a +1 eveningstar of protection
Missiles
 L - 3 throwing nets (quivered)
Armour
 c - a +2 hat (worn)
 e - a +2 troll leather armour (worn)
 D - a +0 cloak of invisibility (worn)
 Z - a +2 robe of fire resistance
Jewellery
 g - a +1 ring of protection (right hand)
 B - an uncursed ring of positive energy
 Q - an uncursed ring of resist corrosion
 R - an uncursed ring of protection from magic
 X - a ring of protection from cold (left hand)
Wands
 d - a wand of polymorph (1/24)
 j - a wand of confusion (24/48)
 q - a wand of digging (17/24)
 P - a wand of lightning (6/15)
Scrolls
 k - a scroll of recharging
 p - a scroll of immolation
 s - 2 scrolls of remove curse
 u - 2 scrolls of blinking
 v - a scroll of amnesia
 w - 4 scrolls of enchant weapon
 y - 3 scrolls of teleportation
 A - a scroll of magic mapping
 S - 2 scrolls of identify
Potions
 i - a potion of magic
 m - 5 potions of curing
 t - 3 potions of brilliance
 z - a potion of agility
 F - 2 potions of heal wounds
 H - a potion of haste
 M - a potion of cure mutation
 T - a potion of ambrosia
 Y - a potion of invisibility
Books
 h - a book of Changes

   Spells                             Type                      Level
   a - Beastly Appendage              Transmutation                1
   b - Sticks to Snakes               Transmutation                2
   c - Spider Form                    Transmutation/Poison         3
   d - Ice Form                       Ice/Transmutation            4
   e - Blade Hands                    Transmutation                5
 r - a book of Maledictions

   Spells                             Type                      Level
   a - Corona                         Hexes                        1
   b - Ensorcelled Hibernation        Hexes/Ice                    2
   c - Confuse                        Hexes                        3
   d - Tukima's Dance                 Hexes                        3
   e - Dazzling Spray                 Conjuration/Hexes            3
 G - the Papyrus of Malediction
   (You found it in a labyrinth)

   Spells                             Type                      Level
   a - Cause Fear                     Hexes                        4
   b - Metabolic Englaciation         Hexes/Ice                    5
   c - Yara's Violent Unravelling     Hexes/Transmutation          5
 W - a book of Necromancy

   Spells                             Type                      Level
   a - Pain                           Necromancy                   1
   b - Animate Skeleton               Necromancy                   1
   c - Vampiric Draining              Necromancy                   3
   d - Regeneration                   Charms/Necromancy            3
   e - Animate Dead                   Necromancy                   4
   f - Control Undead                 Necromancy                   4
Comestibles
 f - 17 bread rations
 l - 2 slices of pizza
 n - 15 fruits
 o - 8 meat rations
 K - a beef jerky


   Skills:
 + Level 11.4 Fighting
 + Level 19.0 Maces & Flails
 - Level 2.0 Throwing
 + Level 12.0 Dodging
 - Level 5.8 Invocations
 + Level 4.4 Evocations


You had 12 spell levels left.
You didn't know any spells.

Dungeon Overview and Level Annotations

Branches:
Dungeon (11/15)            Temple (1/1) D:6            Lair (5/6) D:11
  Swamp (0/4) Lair:2        Snake (0/4) Lair:3          Orc (0/2) D:10
  Slime: Lair:5-6

Altars:
Ashenzari
Cheibriados
Dithmenos
Elyvilon
Fedhas
Gozag
Hepliaklqana
Kikubaaqudgha
Makhleb
Nemelex Xobeh
Okawaru
Qazlal
Ru
Sif Muna
Trog
Uskayaw
Vehumet
Xom
Yredelemnul
Zin
The Shining One

Shops:
D:7 ?   D:10 *


Innate Abilities, Weirdness & Mutations

You are too large for most types of armour.
You have tough skin. (AC +1)
You have a pair of small antennae on your head.
You possess an exceptional clarity of mind.
You regenerate slowly when monsters are visible.


Message History

* * * LOW HITPOINT WARNING * * *
The bullfrog hits you but does no damage.
The basilisk bites you but does no damage.
The four-headed hydra bites you!
* * * LOW HITPOINT WARNING * * *
The four-headed hydra bites you!
* * * LOW HITPOINT WARNING * * *
The four-headed hydra bites you.
* * * LOW HITPOINT WARNING * * *
The four-headed hydra bites you but does no damage.
The bullfrog hits you.
* * * LOW HITPOINT WARNING * * *
The basilisk bites you!
* * * LOW HITPOINT WARNING * * *
The bullfrog hits you.
* * * LOW HITPOINT WARNING * * *
The four-headed hydra bites you.
* * * LOW HITPOINT WARNING * * *
The four-headed hydra bites you!
You die...

..8.8.##..#......
..#....................
>
.+..#...<...#.........
S.
..............#......
.. .....8.8.#..........
#.#........#..##......
............#.......
##.F....##.##.......
#..@.####..#...#....
###lD.....##.####..#
##.......#.# ###.
..##.(....#..## #.#.
.........#..## ##..
........##### ##...
......### #.#.. .......
#... ...... ###...


You could see a four-headed hydra, a basilisk, a water moccasin (wandering) and
a bullfrog.

Vanquished Creatures
  A minotaur (Lab)
  Harold (D:11)
  5 hydras
  Urug (Lair:4)
  4 skeletal warriors (D:10)
  2 hill giants (D:10)
  Joseph (D:7)
  3 elephants (Lair:4)
  A cyclops (D:9)
  Maurice (D:8)
  3 black mambas
  11 spiny frogs
  2 centaur skeletons (D:11)
  4 rime drakes
  3 komodo dragons
  A meliai (shapeshifter) (D:9)
  3 trolls
  Grinder (D:5)
  5 hippogriffs
  3 blink frogs (Lair:4)
  A shadow (D:11)
  Sigmund (D:6)
  A spriggan (D:7)
  2 wyverns
  A basilisk (Lair:1)
  33 yaks
  Eustachio (D:5)
  2 wargs (D:11)
  6 water moccasins
  Edmund (D:6)
  A naga (D:6)
  Duvessa (D:7)
  4 porcupines
  4 orc warriors
  3 sky beasts
  6 ice beasts (Lair:1)
  4 phantoms
  3 ogres
  2 necrophages
  7 wolves
  5 centaurs
  8 crocodiles
  A big kobold (D:10)
  16 bullfrogs
  Dowan (D:7)
  4 scorpions
  6 killer bees
  4 howler monkeys
  12 wights
  2 electric eels (Lair:2)
  3 crimson imps
  3 centaur zombies
  2 bullfrog zombies
  6 jellies
  3 hounds
  4 orc priests
  2 bullfrog skeletons
  6 iguanas
  Ijyb (D:2)
  14 orc wizards
  8 worker ants
  3 hound zombies
  2 worker ant zombies
  A howler monkey skeleton (D:7)
  6 adders
  3 shadow imps
  An ooze (D:4)
  An adder skeleton (D:9)
  2 worms
  2 dart slugs
  3 leopard geckos
  47 orcs
  8 giant cockroaches
  6 goblins
  9 hobgoblins
  14 jackals
  14 kobolds
  2 quokkas
  A ball python (D:2)
  7 bats
  6 frilled lizards
  A quokka skeleton (D:5)
  10 rats
400 creatures vanquished.

Vanquished Creatures (others)
  A fungus (Lair:2)
  A plant (Lair:2)
2 creatures vanquished.

Grand Total: 402 creatures vanquished

Notes
Turn   | Place    | Note
-------+----------+-------------------------------------------
     0 | D:1      | Grinner the Ogre Gladiator began the quest for the Orb.
     0 | D:1      | Reached XP level 1. HP: 22/22 MP: 1/1
   235 | D:1      | Reached XP level 2. HP: 10/29 MP: 2/2
  1378 | D:2      | Reached XP level 3. HP: 36/36 MP: 3/3
  1463 | D:2      | Reached skill level 5 in Maces & Flails
  1532 | D:2      | Found a bloodstained altar of Trog.
  1596 | D:2      | Noticed Ijyb
  1611 | D:2      | Killed Ijyb
  1611 | D:2      | Reached XP level 4. HP: 29/44 MP: 4/4
  2510 | D:2      | Reached skill level 6 in Maces & Flails
  3023 | D:3      | Reached XP level 5. HP: 27/50 MP: 5/5
  3038 | D:3      | Found a basalt altar of Yredelemnul.
  3239 | D:3      | Noticed a moth of wrath
  3242 | D:3      | Found a bloodstained altar of Trog.
  3770 | D:4      | Noticed a sky beast
  3777 | D:4      | Killed a sky beast
  3777 | D:4      | Reached skill level 7 in Maces & Flails
  3777 | D:4      | Reached XP level 6. HP: 59/59 MP: 6/6
  3860 | D:4      | Found a shattered altar of Ashenzari.
  4390 | D:4      | Reached skill level 8 in Maces & Flails
  4873 | D:5      | Entered Level 5 of the Dungeon
  4945 | D:5      | Noticed Eustachio
  4954 | D:5      | Killed Eustachio
  4954 | D:5      | Reached XP level 7. HP: 56/66 MP: 7/7
  5013 | D:5      | Reached skill level 9 in Maces & Flails
  5121 | D:5      | Reached skill level 5 in Dodging
  5331 | D:5      | Reached skill level 10 in Maces & Flails
  5331 | D:5      | Reached XP level 8. HP: 24/74 MP: 8/8
  5566 | D:5      | Noticed Grinder
  5583 | D:5      | Paralysed by Grinder for 5 turns
  5607 | D:5      | Killed Grinder
  5840 | D:5      | Reached skill level 11 in Maces & Flails
  6145 | D:6      | Noticed Sigmund
  6162 | D:6      | Killed Sigmund
  6415 | D:6      | Found a staircase to the Ecumenical Temple.
  6427 | Temple   | Entered the Ecumenical Temple
  6830 | D:6      | Reached skill level 12 in Maces & Flails
  6830 | D:6      | Reached XP level 9. HP: 52/80 MP: 9/9
  6832 | D:6      | Found a radiant altar of Vehumet.
  6845 | D:6      | Found a glowing golden altar of the Shining One.
  6847 | D:6      | Found a sacrificial altar of Ru.
  6848 | D:6      | Found a sparkling altar of Nemelex Xobeh.
  6849 | D:6      | Found a hazy altar of Hepliaklqana.
  6850 | D:6      | Found a blossoming altar of Fedhas.
  6896 | D:6      | Noticed Edmund
  6910 | D:6      | Killed Edmund
  7355 | D:7      | Noticed Duvessa
  7355 | D:7      | Noticed Dowan
  7370 | D:7      | Killed Duvessa
  7376 | D:7      | Killed Dowan
  7430 | D:7      | Found a stormy altar of Qazlal.
  7449 | D:7      | Reached skill level 13 in Maces & Flails
  7600 | D:7      | Found Vihiary's Magic Scroll Boutique.
  7605 | D:7      | Bought a scroll of teleportation for 39 gold pieces
  7605 | D:7      | Bought a scroll of enchant weapon for 97 gold pieces
  8136 | D:8      | Found an iron altar of Okawaru.
  8311 | D:8      | Became a worshipper of Warmaster Okawaru
  8501 | D:8      | Noticed Pikel
  8520 | D:8      | Noticed Maurice
  8584 | D:7      | Reached skill level 14 in Maces & Flails
  8633 | D:7      | Noticed Joseph
  8995 | D:7      | Killed Joseph
  8995 | D:7      | Reached XP level 10. HP: 88/88 MP: 10/10
  9169 | D:7      | Reached * piety under Okawaru
  9675 | D:7      | Reached skill level 15 in Maces & Flails
  9874 | D:8      | Noticed Pikel
  9874 | D:8      | Pikel changed into Pikel the wyvern
  9879 | D:8      | Killed Pikel the wyvern
  9910 | D:8      | Killed Maurice
 10127 | D:8      | Found a snail-covered altar of Cheibriados.
 10577 | D:9      | Reached ** piety under Okawaru
 10625 | D:9      | Reached skill level 16 in Maces & Flails
 10912 | D:9      | Gained mutation: You have a pair of small antennae on your head. [mutagenic meat]
 10913 | D:9      | Gained mutation: You regenerate slowly when monsters are visible. [mutagenic meat]
 10914 | D:9      | Gained mutation: You possess an exceptional clarity of mind. [mutagenic meat]
 10920 | D:9      | Noticed a cyclops
 10956 | D:10     | Entered Level 10 of the Dungeon
 10987 | D:10     | Identified a scroll of acquirement
 11071 | D:10     | Noticed a hill giant
 11075 | D:10     | Reached XP level 11. HP: 66/97 MP: 8/11
 11079 | D:10     | Killed a hill giant
 11091 | D:10     | Reached *** piety under Okawaru
 11096 | D:10     | Noticed a hill giant
 11225 | D:10     | Killed a hill giant
 11240 | D:10     | Found Homun's General Store.
 11243 | D:10     | Bought a +2 cloak for 231 gold pieces
 11243 | D:10     | Bought a potion of heal wounds for 70 gold pieces
 11397 | D:10     | Reached skill level 5 in Fighting
 11713 | D:10     | Noticed a skeletal warrior
 11715 | D:10     | Noticed a skeletal warrior
 11715 | D:10     | Noticed a skeletal warrior
 11728 | D:10     | Killed a skeletal warrior
 11728 | D:10     | Reached skill level 17 in Maces & Flails
 11728 | D:10     | Reached skill level 1 in Invocations
 11734 | D:10     | Noticed a skeletal warrior
 11743 | D:10     | Killed a skeletal warrior
 11784 | D:11     | Found a labyrinth entrance.
 11789 | Lab      | Entered a labyrinth
 11923 | Lab      | Noticed a minotaur
 11931 | Lab      | Killed a minotaur
 11931 | Lab      | Reached **** piety under Okawaru
 11948 | Lab      | Identified the Papyrus of Malediction
 12059 | D:11     | Found a shimmering altar of Xom.
 12143 | D:11     | Reached skill level 10 in Dodging
 12212 | D:11     | Received a gift from Okawaru
 12459 | D:10     | Found a staircase to the Orcish Mines.
 12466 | D:10     | Killed a skeletal warrior
 12583 | D:9      | Killed a cyclops
 12638 | D:9      | Found a hide-covered altar of Uskayaw.
 12829 | D:8      | Reached XP level 12. HP: 115/117 MP: 14/14
 12914 | D:10     | Reached ***** piety under Okawaru
 12954 | D:11     | Found a staircase to the Lair.
 12967 | D:11     | Received a gift from Okawaru
 13005 | D:11     | Noticed Harold
 13022 | D:11     | Killed Harold
 13557 | Lair:1   | Entered Level 1 of the Lair of Beasts
 13597 | Lair:1   | Reached skill level 5 in Invocations
 13926 | Lair:1   | Reached skill level 18 in Maces & Flails
 13952 | Lair:1   | Noticed an ice dragon
 13957 | Lair:1   | Noticed an ice dragon
 14221 | Lair:2   | Found a staircase to the Swamp.
 14299 | Lair:2   | Received a gift from Okawaru
 14450 | Lair:2   | Reached skill level 1 in Evocations
 15259 | Lair:2   | Reached XP level 13. HP: 132/132 MP: 17/17
 15265 | Lair:2   | Reached skill level 10 in Fighting
 15421 | Lair:3   | Reached ****** piety under Okawaru
 15587 | Lair:3   | Found a staircase to the Snake Pit.
 16493 | Lair:4   | Received a gift from Okawaru
 16911 | Lair:4   | Noticed Urug
 16925 | Lair:4   | Killed Urug
 17588 | Lair:5   | Reached skill level 19 in Maces & Flails
 17804 | Lair:5   | HP: 4/136 [basilisk (7)]
 17804 | Lair:5   | HP: 1/136 [four-headed hydra (1)]
 17804 | Lair:5   | Slain by a four-headed hydra

Skill      XL: |  1  2  3  4  5  6  7  8  9 10 11 12 13 |
---------------+----------------------------------------+-----
Dodging        | 3 4 5 6 7 9 10 11 12 | 12.0
Maces & Flails | 5 6 7 8 10 12 14 16 17 18 19 | 19.0
Fighting       | 3 7 9 11 | 11.4
Invocations    | 3 5 |  5.8
Evocations     | 2 4 |  4.4
Throwing       | |  2.0

Action                   |  1- 3 |  4- 6 |  7- 9 | 10-12 | 13-15 || total
-------------------------+-------+-------+-------+-------+-------++-------
Melee: Flail             |   105 |   255 |   396 |   120 |       ||   876
       Unarmed           |       |       |     1 |       |       ||     1
       Whip              |       |       |       |   155 |       ||   155
       Great mace        |       |       |       |   400 |   218 ||   618
Throw: Throwing net      |       |     5 |     6 |       |       ||    11
       Large rock        |       |       |       |    18 |     8 ||    26
       Tomahawk          |       |       |       |       |     2 ||     2
Invok: Heroism           |       |       |       |     5 |     2 ||     7
Evoke: Wand              |       |       |    12 |    15 |       ||    27
  Use: Scroll            |     3 |     4 |     9 |    16 |     8 ||    40
       Potion            |       |     6 |     7 |     4 |       ||    17
 Stab: Sleeping          |     1 |       |     2 |       |       ||     3
       Held in net/web   |       |     1 |     2 |       |       ||     3
       Distracted        |       |       |     1 |       |       ||     1
       Confused          |       |       |       |     4 |       ||     4
  Eat: Chunk             |     2 |     9 |    13 |    12 |     7 ||    43
       Royal jelly       |       |     1 |       |     1 |       ||     2
       Meat ration       |       |       |       |     2 |       ||     2
Armor: Robe              |    36 |    90 |   112 |    23 |       ||   261
       Skin              |       |       |    26 |       |       ||    26
       Troll leather arm |       |       |       |   122 |    64 ||   186
Dodge: Dodged            |    75 |   153 |   177 |   342 |   125 ||   872
